 Dungeon Crawl Stone Soup version 0.26-a0-651-gb41185065b (webtiles) character file.

Game seed: 9653933279493550548

(classic levelgen) 10206 EnegeticOcto the Cleaver (level 11, 0/100 HPs)
             Began as a Deep Dwarf Fighter on Oct 9, 2020.
             Was an Elder of Makhleb.
             Slain by a nine-headed hydra (5 damage)
             ... on level 15 of the Dungeon.
             The game lasted 00:06:09 (7653 turns).

EnegeticOcto the Cleaver (Deep Dwarf Fighter)       Turns: 7653, Time: 00:06:11

Health: 0/100      AC: 14    Str: 22    XL:     11   Next: 33%
Magic:  8/8        EV: 13    Int: 10    God:    Makhleb [****..]
Gold:   636        SH: 11    Dex: 12    Spells: 10/10 levels left

rFire    . . .     SeeInvis .   w - +3 war axe
rCold    + . .     Faith    +   c - +0 kite shield
rNeg     . . .     Spirit   .   z - +0 swamp dragon scales
rPois    +         Reflect  .   B - +2 hat
rElec    .         Harm     .   (no cloak)
rCorr    .         Rampage  .   q - +0 pair of gloves
MR       +....                  y - +0 pair of boots
Stlth    +.........             b - amulet of faith
HPRegen  0.00/turn              k - +4 ring of evasion
MPRegen  0.11/turn              x - ring of protection from cold

@: non-regenerating
A: damage resistance, heal wounds, sense surroundings 2, no regeneration
a: Heal Wounds, Minor Destruction, Lesser Servant of Makhleb, Major Destruction,
Renounce Religion


You were on level 15 of the Dungeon.
You worshipped Makhleb.
Makhleb was greatly pleased with you.
You visited 2 branches of the dungeon, and saw 14 of its levels.

You collected 680 gold pieces.
You spent 44 gold pieces at shops.

Inventory:

Hand Weapons
 t - a +0 falchion of distortion
 w - a +3 war axe (weapon)
Armour
 c - a +0 kite shield (worn)
 q - a +0 pair of gloves (worn)
 y - a +0 pair of boots (worn)
 z - +0 swamp dragon scales (worn)
 B - a +2 hat (worn)
Jewellery
 b - an amulet of faith (around neck)
 k - a +4 ring of evasion (left hand)
 x - a ring of protection from cold (right hand)
Wands
 a - a wand of polymorph (4)
 f - a wand of enslavement (10)
 h - a wand of paralysis (11)
 j - a wand of digging (14) {@v3}
Scrolls
 e - 4 scrolls of teleportation {@r3}
 g - a scroll of fog
 i - 3 scrolls of remove curse {@r2}
 n - 2 scrolls of fear
 o - 4 scrolls of magic mapping {@r5}
 r - 2 scrolls of immolation {@r4}
 s - 2 scrolls of enchant weapon
Potions
 d - 4 potions of might {@q3}
 l - a potion of flight
 m - 3 potions of heal wounds {@q2}
 p - a potion of cancellation
 u - a potion of ambrosia
 v - a potion of invisibility
 A - 7 potions of curing {@q1}
 C - a potion of mutation {unknown}
 D - 2 potions of magic {unknown}
 F - 2 potions of lignification {unknown}
Miscellaneous
 E - a box of beasts (3/3)


   Skills:
 + Level 7.4 Fighting
 * Level 11.7 Axes
 + Level 8.8 Armour
 + Level 9.1 Shields
 + Level 8.0 Invocations


You had 10 spell levels left.
You didn't know any spells.
Your spell library was empty.

Dungeon Overview and Level Annotations

Branches:
Dungeon (12/15)            Temple (1/1) D:5            Lair (0/6) D:11
    Orc: D:9-12

Altars:
Ashenzari
Cheibriados
Kikubaaqudgha
Makhleb
Okawaru
Qazlal
Ru
Sif Muna
Trog
Vehumet
Wu Jian
Xom
Yredelemnul
The Shining One

Shops:
D:11 ?

Portals:
Trove: D:10 (give 5 potions of resistance)

Annotations:
D:10 3 runed translucent doors, Tenar's ghost, journeyman DsCj


Innate Abilities, Weirdness & Mutations

You are resistant to damage.
You can heal yourself by infusing magical energy.
You passively map the area around you.
You do not regenerate.


Message History

You open the door.
Found a shimmering blue altar of Sif Muna.
No target in view!
No target in view!
No target in view!
No target in view!
No target in view!
No target in view!
No target in view!
No target in view!
No target in view!
No target in view!
No target in view!
No target in view!
No target in view!
No target in view!
No target in view!
No target in view!
No target in view!
No target in view!
No target in view!
You swap places.
Your hellwing disappears in a puff of smoke!
An eight-headed hydra comes into view.
The eight-headed hydra roars!
An eight-headed hydra is nearby!
An eight-headed hydra is nearby!
An eight-headed hydra is nearby!
An eight-headed hydra is nearby!
An eight-headed hydra is nearby!
An eight-headed hydra is nearby!
You slice one of the eight-headed hydra's heads off!
The seven-headed hydra grows two more!
You hit the nine-headed hydra.
The nine-headed hydra is lightly wounded.
The nine-headed hydra bites you! x2
You block the nine-headed hydra's attack.
The nine-headed hydra bites you. x2; The nine-headed hydra bites you!
The nine-headed hydra bites you.
You block the nine-headed hydra's attack.
The nine-headed hydra bites you.
You are too injured to fight recklessly!
You are too injured to fight recklessly!
You are too injured to fight recklessly!
You are too injured to fight recklessly!
You are too injured to fight recklessly!
You are too injured to fight recklessly!
You are too injured to fight recklessly!
You are too injured to fight recklessly!
You are too injured to fight recklessly!
You are too injured to fight recklessly!
You are too injured to fight recklessly!
You are too injured to fight recklessly!
You are too injured to fight recklessly!
You fail to use your ability.
You block the nine-headed hydra's attack. x2
The nine-headed hydra bites you.
The nine-headed hydra barely misses you.
You block the nine-headed hydra's attack.
The nine-headed hydra closely misses you.
The nine-headed hydra misses you.
The nine-headed hydra barely misses you.
The nine-headed hydra bites you but does no damage.
You block the nine-headed hydra's attack.
The nine-headed hydra bites you!
* * * LOW HITPOINT WARNING * * *
You block the nine-headed hydra's attack.
The nine-headed hydra bites you.
* * * LOW HITPOINT WARNING * * *
The nine-headed hydra closely misses you.
The nine-headed hydra bites you!
* * * LOW HITPOINT WARNING * * *
The nine-headed hydra bites you.
* * * LOW HITPOINT WARNING * * *
The nine-headed hydra bites you but does no damage.
The nine-headed hydra bites you.
* * * LOW HITPOINT WARNING * * *
The nine-headed hydra bites you but does no damage.
You block the nine-headed hydra's attack.
The nine-headed hydra barely misses you. x2
The nine-headed hydra completely misses you.
The nine-headed hydra bites you.
The nine-headed hydra barely misses you.
You block the nine-headed hydra's attack.
The nine-headed hydra bites you but does no damage.
The nine-headed hydra misses you.
The nine-headed hydra barely misses you.
The nine-headed hydra completely misses you.
You block the nine-headed hydra's attack. x2
The nine-headed hydra barely misses you.
You block the nine-headed hydra's attack.
The nine-headed hydra misses you.
The nine-headed hydra bites you but does no damage.
The nine-headed hydra bites you.
You block the nine-headed hydra's attack.
The nine-headed hydra bites you but does no damage.
The nine-headed hydra bites you.
* * * LOW HITPOINT WARNING * * *
The nine-headed hydra closely misses you.
The nine-headed hydra bites you. The nine-headed hydra bites you!
You die...

* * * ,, ,,,, ,* * ,
* * * * , ,, * ** *
,, ** * ,, * * * , *
### *, , * ,,, ..##
#* * ,,# *..# #. * *
, ....###.####.### *
*
*#.....D@....)..#####
, ########.#####..#..
#..#####...### *
##...........####
#....##.........
#....##.##......
#....##.##...... ,*
#####....##.##.._...
* ,,
.....................


You could see a nine-headed hydra.

Vanquished Creatures
  A catoblepas (D:15)
  A centaur warrior (D:9)
  A two-headed ogre (D:10)
  An ugly thing (D:11)
  Maggie (D:6)
  A troll (D:11)
  A hornet (D:11)
  A hippogriff (D:11)
  A wyvern (D:8)
  3 water moccasins
  6 orc warriors
  4 ice beasts
  2 sky beasts
  2 black bears (D:6)
  2 phantoms
  8 ogres
  An eye of draining (D:9)
  6 centaurs
  2 big kobolds
  A gnoll sergeant (D:5)
  8 bullfrogs
  A wyvern zombie (D:4)
  2 scorpions
  6 killer bees (D:7)
  4 wights (D:9)
  2 howler monkeys
  5 electric eels (D:7)
  A quasit (D:10)
  2 bullfrog zombies
  A centaur zombie (D:10)
  4 jellies
  8 hounds
  4 orc priests
  18 orc wizards
  4 bullfrog skeletons
  2 centaur skeletons (D:9)
  2 iguanas
  6 worker ants
  Terence (D:2)
  A hound skeleton (D:5)
  2 hound zombies (D:8)
  2 worker ant zombies
  16 gnolls (D:5)
  2 howler monkey skeletons
  9 adders
  4 shadow imps
  2 white imps
  3 ufetubi
  4 adder skeletons
  A worm (D:3)
  A dart slug (D:1)
  6 leopard geckos
  37 orcs
  A bat (D:3)
  2 giant cockroaches (D:5)
  25 hobgoblins
  12 jackals
  6 quokkas
  A ball python (D:1)
  5 frilled lizards
  27 goblins (D:5)
  A jackal skeleton (D:8)
  15 kobolds
  2 quokka skeletons
  A quokka zombie (D:6)
315 creatures vanquished.

Vanquished Creatures (collateral kills)
  A hydra (D:12)
  An orc warrior (D:12)
  An orc priest (D:12)
3 creatures vanquished.

Vanquished Creatures (others)
  A kobold (D:7)
  10 plants (D:7)
11 creatures vanquished.

Grand Total: 329 creatures vanquished

Notes
Turn   | Place    | Note
-------+----------+-------------------------------------------
     0 | D:1      | EnegeticOcto the Deep Dwarf Fighter began the quest for the
                  | Orb.
     0 | D:1      | Reached XP level 1. HP: 20/20 MP: 1/1
    96 | D:2      | Noticed Terence
   118 | D:2      | Killed Terence
   118 | D:2      | Reached skill level 3 in Axes
   118 | D:2      | Reached XP level 2. HP: 27/27 MP: 2/2
   118 | D:2      | Reached XP level 3. HP: 33/33 MP: 3/3
   451 | D:3      | Found a shimmering altar of Xom.
   643 | D:4      | Reached XP level 4. HP: 32/42 MP: 4/4
   669 | D:4      | Reached skill level 4 in Axes
   669 | D:4      | Reached XP level 5. HP: 35/49 MP: 5/5
   802 | D:4      | Noticed an ogre
   820 | D:4      | Killed an ogre
   820 | D:4      | Reached XP level 6. HP: 45/57 MP: 5/5
   824 | D:4      | Reached skill level 5 in Axes
  1240 | D:5      | Entered Level 5 of the Dungeon
  1438 | D:5      | Reached XP level 7. HP: 40/64 MP: 6/6
  1506 | D:5      | Reached skill level 5 in Shields
  1666 | D:5      | Reached skill level 5 in Armour
  1685 | D:5      | Reached skill level 6 in Axes
  1920 | D:5      | Found a staircase to the Ecumenical Temple.
  1929 | Temple   | Entered the Ecumenical Temple
  2022 | Temple   | Became a worshipper of Makhleb the Destroyer
  2115 | D:5      | Reached XP level 8. HP: 36/73 MP: 7/7
  2223 | D:5      | Reached skill level 1 in Invocations
  2563 | D:6      | Reached skill level 7 in Axes
  2681 | D:6      | Reached skill level 5 in Fighting
  2727 | D:6      | Found an ornate altar of the Wu Jian Council.
  2758 | D:6      | Noticed Maggie
  2788 | D:6      | Killed Maggie
  2788 | D:6      | Reached skill level 8 in Axes
  2845 | D:6      | Gained mutation: You passively map the area around you.
                  | [Deep Dwarf growth]
  2845 | D:6      | Reached XP level 9. HP: 59/81 MP: 9/9
  2880 | D:6      | Reached * piety under Makhleb
  2970 | D:6      | Found an ancient bone altar of Kikubaaqudgha.
  3053 | D:6      | Found a broken altar of Ashenzari.
  3812 | D:7      | Reached skill level 9 in Axes
  3827 | D:7      | Reached ** piety under Makhleb
  3847 | D:7      | Reached skill level 5 in Invocations
  4669 | D:8      | Reached XP level 10. HP: 55/91 MP: 7/7
  5007 | D:9      | Reached *** piety under Makhleb
  5024 | D:9      | Reached skill level 10 in Axes
  5059 | D:9      | Noticed a centaur warrior
  5088 | D:9      | Killed a centaur warrior
  6098 | D:10     | Entered Level 10 of the Dungeon
  6259 | D:10     | Reached skill level 11 in Axes
  6530 | D:10     | Noticed a two-headed ogre
  6542 | D:10     | Killed a two-headed ogre
  6542 | D:10     | Reached **** piety under Makhleb
  6542 | D:10     | Reached XP level 11. HP: 56/100 MP: 9/9
  6680 | D:10     | Found a runed translucent gate.
  6680 | D:10     | Found a runed translucent gate.
  6681 | D:10     | Found a runed translucent gate.
  6681 | D:10     | Noticed Tenar's ghost (journeyman DsCj)
  6703 | D:10     | Found a portal to a secret trove of treasure.
  7033 | D:11     | Found a bloodstained altar of Trog.
  7057 | D:11     | Found a staircase to the Lair.
  7096 | D:11     | Noticed a cyan ugly thing
  7115 | D:11     | Killed a cyan ugly thing
  7145 | D:11     | Found Taekumuc's Magic Scroll Shoppe.
  7152 | D:11     | Bought a scroll of identify for 22 gold pieces
  7152 | D:11     | Bought a scroll of identify for 22 gold pieces
  7184 | D:11     | Identified the Compendium of Congealing Combat Magic
  7454 | D:12     | Noticed a six-headed hydra
  7466 | D:12     | Killed an eight-headed hydra
  7558 | D:12     | You fall into a shaft and drop 3 floors!
  7558 | D:15     | Entered Level 15 of the Dungeon
  7559 | D:15     | Noticed a catoblepas
  7566 | D:15     | Killed a catoblepas
  7586 | D:15     | Found a radiant altar of Vehumet.
  7626 | D:15     | Found a shimmering blue altar of Sif Muna.
  7646 | D:15     | Noticed an eight-headed hydra
  7653 | D:15     | HP: 5/100 [nine-headed hydra (4)]
  7653 | D:15     | Slain by a nine-headed hydra

Illustrated notes

Levels and vault maps discovered:
D:1:      sevenhm_arrival_forest_fort_small_6, layout_loops_ring
D:2:      layout_rooms, roderic_roman_lattice, uniq_terence
D:3:      layout_loops_ring, lemuel_round_altar, kennysheep_flooded_box
D:4:      layout_gridville
D:5:      minmay_goblin_kobold_castle, layout_loops_cross,
          minmay_temple_entry_glass
D:6:      layout_loops_corners, minitemple, lemuel_doored_altar,
          hangedman_minor_gate_pass, uniq_maggie
D:7:      nicolae_whirlpool, layout_basic, chequers_big_river
D:8:      layout_rooms
D:9:      layout_basic
D:10:     layout_basic, gammafunk_ghost_necromancy, nicolae_trove_entry_crystal
D:11:     layout_roguey, lair_entry_dummy, serial_glass, glass_columns_a,
          glass_columns_c, glass_columns_c, glass_columns_a, serial_shops, shop,
          bloody_trog
D:12:     layout_loops_ring, david_orc_4
D:15:     grunt_enter_depths_snipers, layout_rooms, lemuel_blue_sif_altar,
          basic_altar, tso_metal_star
Temple:   dpeg_five_rooms_temple

Skill      XL: |  1  2  3  4  5  6  7  8  9 10 11 |
---------------+----------------------------------+-----
Axes           | 3 4 5 6 8 9 11 | 11.7
Fighting       | 3 4 5 6 7 |  7.4
Armour         | 4 5 6 7 8 |  8.8
Shields        | 4 5 6 7 8 9 |  9.1
Invocations    | 3 5 7 8 |  8.0

Action                   |  1- 3 |  4- 6 |  7- 9 | 10-12 || total
-------------------------+-------+-------+-------+-------++-------
Melee: War axe           |    75 |   109 |   539 |   379 ||  1102
Invok: Lesser Servant of |       |       |       |     3 ||     3
 Abil: Heal Wounds       |     2 |     2 |    28 |     8 ||    40
Evoke: Wand              |       |       |     8 |     2 ||    10
  Use: Scroll            |       |       |    13 |     5 ||    18
 Stab: Paralysed         |       |       |       |     2 ||     2
       Distracted        |       |       |       |     2 ||     2
Armor: Scale mail        |    16 |    47 |   105 |       ||   168
       Swamp dragon scal |       |       |   110 |   136 ||   246
Dodge: Dodged            |    28 |    76 |   297 |   183 ||   584
Block: Kite shield       |    34 |    76 |   391 |   245 ||   746

Table legend: (Time is in decaauts)
 A = Elapsed time spent in this place.
 B = Non-inter-level travel time spent in this place.
 C = Inter-level travel time spent in this place.
 D = Time resting spent in this place.
 E = Time spent auto-exploring this place.
 F = Levels seen in this place.
 G = Mean time per level.
                   A        B        C        D        E       F      G
               +--------+--------+--------+--------+--------+-----+--------+
         Total |   7845 |   7557 |    288 |      0 |   5448 |  14 |  560.4 |
       Dungeon |   7718 |   7490 |    228 |      0 |   5383 |  13 |  593.7 |
        Temple |    126 |     67 |     59 |      0 |     65 |   1 |  126.0 |
               +--------+--------+--------+--------+--------+-----+--------+

Top non-repeatable levels by time:
     D:5: 1248 daAuts
     D:9: 1104 daAuts
     D:6: 1056 daAuts
     D:7: 991 daAuts
     D:4: 763 daAuts
    D:10: 750 daAuts
    D:11: 575 daAuts
     D:8: 473 daAuts
     D:3: 392 daAuts
    D:12: 130 daAuts
  Temple: 126 daAuts
    D:15: 94 daAuts
     D:1: 85 daAuts
     D:2: 53 daAuts
